 Dungeon Crawl Stone Soup version 0.22-a0-480-g991dd4b (webtiles) character file.

39 emperorscorpion the Skirmisher (level 3, -2/33 HPs)
             Began as a Hill Orc Fighter on June 16, 2018.
             Killed from afar by an orc wizard (4 damage)
             ... with a puff of flame
             ... on level 2 of the Dungeon.
             The game lasted 00:00:46 (436 turns).

emperorscorpion the Skirmisher (Hill Orc Fighter)    Turns: 436, Time: 00:00:46

Health: -2/33      AC:  7    Str: 19    XL:     3   Next: 45%
Magic:  3/3        EV:  7    Int:  8    God:
Gold:   32         SH:  9    Dex: 10    Spells: 2/2 levels left

rFire    . . .     SeeInvis .   a - +0 war axe
rCold    . . .     Gourm    .   c - +0 shield
rNeg     . . .     Faith    .   b - +0 scale mail
rPois    .         Spirit   .   (no helmet)
rElec    .         Reflect  .   (no cloak)
rCorr    .         Harm     .   (no gloves)
MR       .....                  (no boots)
Stlth    ..........             (no amulet)
HPRegen  0.11/turn              (no ring)
MPRegen  0.08/turn              (no ring)

@: no status effects
A: no striking features
a: no special abilities


You were on level 2 of the Dungeon.
You were not hungry.

You visited 1 branch of the dungeon, and saw 2 of its levels.

You collected 32 gold pieces.

Inventory:

Hand Weapons
 a - a +0 war axe (weapon)
Armour
 b - a +0 scale mail (worn)
 c - a +0 shield (worn)
Potions
 d - a potion of might
 e - a potion of curing {unknown}
 h - a potion of flight {unknown}
Comestibles
 f - 3 rations
 g - 2 chunks of flesh


   Skills:
 + Level 4.0 Fighting
 + Level 3.0 Axes
 + Level 3.9 Armour
 + Level 3.9 Shields


You had 2 spell levels left.
You didn't know any spells.
Your spell library was empty.

Dungeon Overview and Level Annotations

Branches:
Dungeon (1/15)

Altars:


Message History

The adder bites you but does no damage.
You hear some strange, mumbled words.
A magic dart appears from out of thin air!
The magic dart hits you!
* * * LOW HITPOINT WARNING * * *
You closely miss something. You slash the adder!
The adder bites you but does no damage. Something hits you but does no damage.
The adder bites you but does no damage.
Unknown command.
You closely miss something. You hit the adder.
You kill the adder!
Something hits you.
* * * LOW HITPOINT WARNING * * *
Something hits you but does no damage.
Unknown command.
Your shield prevents you from hitting something.
You hear some strange, mumbled words.
A puff of flame appears from out of thin air!
The puff of flame hits you!
You die...

... .# #.. ...
##..#######...
.#.............
....>..........
..............#
......){......#
.......@†......
...%..(.....###
............#
.[..........#
............#
............#
.=....(.....#
##..........#


There were no monsters in sight!

Vanquished Creatures
  An adder (D:2)
  A leopard gecko (D:1)
  3 orcs (D:2)
  A ball python (D:1)
  2 bats
  A giant cockroach (D:1)
  2 goblins
  3 hobgoblins (D:1)
  4 kobolds
  A quokka (D:2)
  A frilled lizard (D:1)
  5 rats (D:1)
25 creatures vanquished.

Notes
Turn   | Place    | Note
-------+----------+-------------------------------------------
     0 | D:1      | emperorscorpion the Hill Orc Fighter began the quest for the Orb.
     0 | D:1      | Reached XP level 1. HP: 19/19 MP: 1/1
   150 | D:1      | Reached XP level 2. HP: 26/26 MP: 2/2
   423 | D:1      | You fall through a shaft!
   426 | D:2      | Reached XP level 3. HP: 32/33 MP: 3/3
   426 | D:2      | Reached skill level 4 in Fighting
   435 | D:2      | HP: 1/33 [something (1)]
   436 | D:2      | Killed from afar by an orc wizard

Vault maps used:
D:1:      minmay_arrival_five_plusses, hangedman_decor_clover_reticule
D:2:      uniq_terence

Skill      XL: |  1  2  3 |
---------------+----------+-----
Fighting       | 4 |  4.0
Axes           | 3 |  3.0
Armour         | |  3.9
Shields        | |  3.9

Action                   || total
-------------------------++-------
Melee: War axe           ||    56
Armor: Scale mail        ||    38
Dodge: Dodged            ||    18
Block: Shield            ||    36

Table legend:
 A = Spawn XP
 B = Non-spawn XP
 C = Spawn XP percentage of total XP
 D = Spawn monster count
 E = Non-spawn monster count
 F = Spawn count percentage of total count
 G = Total turns spent on level
                    A         B        C        D         E        F      G
               +---------+---------+-------+---------+---------+-------+---------
         Total |       0 |      56 |   0.0 |       0 |      25 |   0.0 |   436
               +---------+---------+-------+---------+---------+-------+---------
           D:1 |       0 |      28 |   0.0 |       0 |      17 |   0.0 |   423
           D:2 |       0 |      28 |   0.0 |       0 |       8 |   0.0 |    13
               +---------+---------+-------+---------+---------+-------+---------
